 Dungeon Crawl Stone Soup version 0.22-a0-897-g1b7a381375 (webtiles) character file.

43 Chiseanne the Skirmisher (level 3, -1/28 HPs)
             Began as a Demonspawn Wanderer on July 31, 2018.
             Killed by nerve-wracking pain
             ... invoked by an orc priest
              (11 damage)
             ... on level 2 of the Dungeon.
             The game lasted 00:09:01 (1669 turns).

Chiseanne the Skirmisher (Demonspawn Wanderer)      Turns: 1669, Time: 00:09:02

Health: -1/28      AC:  3    Str: 12    XL:     3   Next: 37%
Magic:  4/4        EV: 11    Int: 11    God:
Gold:   61         SH:  0    Dex: 15    Spells: 4/4 levels left

rFire    . . .     SeeInvis .   a - +0 trident
rCold    . . .     Gourm    .   (no shield)
rNeg     . . .     Faith    .   m - +0 leather armour {rPois}
rPois    +         Spirit   .   (no helmet)
rElec    .         Reflect  .   (no cloak)
rCorr    .         Harm     .   (no gloves)
MR       .....                  (no boots)
Stlth    ++........             (no amulet)
HPRegen  0.09/turn              (no ring)
MPRegen  0.09/turn              (no ring)

@: no status effects
A: demonic guardian 1
a: no special abilities


You were on level 2 of the Dungeon.
You were not hungry.

You visited 1 branch of the dungeon, and saw 3 of its levels.

You collected 61 gold pieces.

Inventory:

Hand Weapons
 a - a +0 trident (weapon)
 w - a +2 blowgun
Missiles
 e - 59 arrows
 g - 46 sling bullets
 h - 13 bolts
 j - 3 curare-tipped needles
 l - 20 stones (quivered)
Armour
 m - a +0 leather armour of poison resistance (worn)
Jewellery
 k - a cursed ring of teleportation {unknown}
Wands
 d - a wand of random effects (6)
Scrolls
 b - a scroll of teleportation
Potions
 c - a potion of brilliance {unknown}
Comestibles
 f - 2 rations
 i - 2 chunks of flesh


   Skills:
 * Level 2.5 Fighting
 * Level 1.6 Throwing
 * Level 1.1 Dodging
 - Level 1.0 Stealth
 - Level 1.0 Spellcasting
   Level 2.1 Necromancy
   Level 1.7 Ice Magic
 * Level 1.8 Evocations


You had 4 spell levels left.
You didn't know any spells.
Your spell library contained the following spells:

 Spells                   Type           Power        Failure   Level  Hunger
 Stone Arrow              Conj/Erth      #.....       77%         3    ####...
 Sandblast                Erth           #.....       38%         1    ##.....


Dungeon Overview and Level Annotations

Branches:
Dungeon (3/15)

Altars:


Innate Abilities, Weirdness & Mutations

A weak demonic guardian rushes to your aid.


Message History

There is a stone staircase leading down here.
You climb downwards. 3 orcs and an orc priest come into view.
The orc shouts!
The orc priest shouts!
The orc shouts! x2
Found a pair of boots.
There is a stone staircase leading up here.
A rat comes into view.
The orc priest hits your ufetubus with a flail!
Your ufetubus dies!
The rat twitches its whiskers.
The orc priest calls down the wrath of Beogh upon you.
Pain shoots through your body!
You climb upwards.
There is a stone staircase leading down here.
You hit the orc priest but do no damage.
The orc priest invokes the aid of Beogh against you.
Pain shoots through your body! The rat closely misses you. x2
The orc priest invokes the aid of Beogh against you.
Pain shoots through your body!
You die...

############ #..........#
#.......)..# ####
##..........######## ...##
####............)......
....#######.....r........########
..<.........###o@........#
.....######## #..........# .....#
##..........# ....##
##...........# ...##
#..########### ##.## ###.## #..##
#...# # ##..# ###.######..
####†####...##.....


You could see an orc priest and a rat.

Vanquished Creatures
  A worm (D:2)
  3 dart slugs
  2 leopard geckos (D:2)
  2 bats
  A goblin (D:1)
  6 hobgoblins
  3 jackals (D:2)
  4 kobolds
  2 ball pythons
  4 frilled lizards
  2 rats (D:2)
30 creatures vanquished.

Notes
Turn   | Place    | Note
-------+----------+-------------------------------------------
     0 | D:1      | Chiseanne the Demonspawn Wanderer began the quest for the Orb.
     0 | D:1      | Chiseanne set off with: 3 curare-tipped needles, a +2 blowgun, a wand of random effects (15), a +0 robe, a ration
     0 | D:1      | Reached XP level 1. HP: 16/16 MP: 2/2
   224 | D:1      | Gained mutation: A weak demonic guardian rushes to your aid. [demonic ancestry]
   224 | D:1      | Reached XP level 2. HP: 16/22 MP: 3/3
  1188 | D:2      | Reached skill level 1 in Dodging
  1188 | D:2      | Reached XP level 3. HP: 21/28 MP: 4/4
  1669 | D:2      | Killed from afar by an orc priest

Vault maps used:
D:1:      giann_bridges

Skill      XL: |  1  2 |
---------------+-------+-----
Dodging        | 1 |  1.1
Fighting       | |  2.5
Throwing       | |  1.6
Stealth        | |  1.0
Spellcasting   | |  1.0
Necromancy     | |  2.1
Ice Magic      | |  1.7
Evocations     | |  1.8

Action                   || total
-------------------------++-------
Melee: Whip              ||    62
       Trident           ||    34
Evoke: Wand              ||     9
  Use: Scroll            ||     3
 Stab: Sleeping          ||     1
  Eat: Chunk             ||     2
Armor: Robe              ||     4
       Leather armour    ||    15
Dodge: Dodged            ||    59

Table legend:
 A = Spawn XP
 B = Non-spawn XP
 C = Spawn XP percentage of total XP
 D = Spawn monster count
 E = Non-spawn monster count
 F = Spawn count percentage of total count
 G = Total turns spent on level
                    A         B        C        D         E        F      G
               +---------+---------+-------+---------+---------+-------+---------
         Total |       0 |      62 |   0.0 |       0 |      30 |   0.0 |  1669
               +---------+---------+-------+---------+---------+-------+---------
           D:1 |       0 |      26 |   0.0 |       0 |      12 |   0.0 |   776
           D:2 |       0 |      36 |   0.0 |       0 |      18 |   0.0 |   886
               +---------+---------+-------+---------+---------+-------+---------
